 Dungeon Crawl Stone Soup version 0.30-a0-739-gea05faddec (webtiles) character file.

Game seed: 14657401717607783974

301 cforsyth the Firebug (level 6, 0/31 (32) HPs)
             Began as a Tengu Fire Elementalist on Feb 4, 2023.
             Slain by a scorpion (4 damage)
             ... on level 5 of the Dungeon.
             The game lasted 00:06:20 (4920 turns).

cforsyth the Firebug (Tengu Fire Elementalist)      Turns: 4920, Time: 00:06:21

HP:   0/31 (32)     AC:  4    Str: 14    XL:     6   Next: 37%
MP:   11/12         EV: 14    Int: 18    God:
Gold: 236           SH:  0    Dex: 14    Spells: 11/12 levels left

rFire   . . .      SeeInvis .    (no weapon)
rCold   . . .      Faith    .    (no shield)
rNeg    . . .      Spirit   .    a - +0 robe
rPois   +          Reflect  .    (helmet restricted)
rElec   .          Harm     .    u - +0 cloak
rCorr   .          Rampage  .    o - +0 pair of gloves
Will    .....                    (boots unavailable)
Stlth   ++                       (no amulet)
HPRegen 0.25/turn                f - ring of poison resistance
MPRegen 0.13/turn                w - +6 ring of strength

@: flying quickly and evasively, lightly drained, quick
A: beak, talons 3, nimble flight
a: no special abilities


You were on level 5 of the Dungeon.
You visited 1 branch of the dungeon, and saw 5 of its levels.

You collected 236 gold pieces.

Inventory:

Armour
 a - a +0 robe (worn)
 o - a +0 pair of gloves (worn)
 u - a +0 cloak (worn)
Jewellery
 f - a ring of poison resistance (left hand)
 n - an amulet of guardian spirit
 w - a +6 ring of strength (right hand)
Wands
 i - a wand of light (22)
 k - a wand of roots (8)
Scrolls
 c - 3 scrolls of teleportation {unknown}
 d - 7 scrolls of identify {unknown}
 e - a scroll of poison {unknown}
 g - 3 scrolls of fear {unknown}
 l - 2 scrolls of blinking {unknown}
 m - a scroll of immolation {unknown}
 q - a scroll of torment {unknown}
 r - a scroll of enchant armour {unknown}
 s - a scroll of acquirement {unknown}
 y - a scroll of silence {unknown}
Potions
 b - a potion of magic
 h - 2 potions of degeneration {unknown}
 j - a potion of attraction {unknown}
 p - a potion of invisibility {unknown}
 t - a potion of might
 v - a potion of mutation {unknown}
 x - 2 potions of curing {unknown}
 z - a potion of haste {unknown}
 A - a potion of lignification {unknown}


   Skills:
 - Level 2.1 Dodging
 - Level 2.0 Stealth
 + Level 3.8 Spellcasting
 + Level 4.7 Conjurations
 + Level 5.1 Fire Magic


You had 11 spell levels left.
You knew the following spells:

 Your Spells              Type           Power      Damage    Failure   Level
a - Foxfire               Conj/Fire      84%        2x1d8     1%          1

Your spell library contained the following spells:

 Spells                   Type           Power      Damage    Failure   Level
 Magic Dart               Conj           80%        1d7       2%          1
 Scorch                   Fire           42%        2d7       2%          2
 Momentum Strike          Conj/Tloc      24%        3d8       9%          2
 Inner Flame              Hex/Fire       12%        N/A       16%         3
 Flame Wave               Conj/Fire      21%        2d8       21%         4
 Blink                    Tloc           6%         N/A       22%         2
 Call Imp                 Summ           3%         N/A       22%         2
 Lesser Beckoning         Tloc           6%         N/A       22%         2
 Kindle Blastsparks       Fire/Tloc/Air  18%        2d11      22%         3
 Mephitic Cloud           Conj/Pois/Air  9%         N/A       24%         3
 Manifold Assault         Tloc           3%         N/A       83%         4
 Dispersal                Tloc           1%         N/A       100%        6
 Disjunction              Tloc           1%         N/A       100%        8


Dungeon Overview and Level Annotations

Branches:
Dungeon (5/15)
 Temple: D:4-7

Altars:

Shops:
D:4 *=[


Innate Abilities, Weirdness & Mutations

You have a beak for a mouth.
You have claws for feet.
Your magical nature lets you fly swiftly and evasively.


Message History

You claw the howler monkey, but do no damage.
The howler monkey is heavily wounded.
The scorpion misses you.
The howler monkey hoots and howls with incredible vigour!
The scorpion closely misses you.
You hit the howler monkey. You claw the howler monkey.
The howler monkey is almost dead.
The howler monkey hits you. The scorpion stings you.
There is not enough space to conjure foxfire!
You hit the howler monkey.
You claw the howler monkey, but do no damage.
You peck the howler monkey.
You kill the howler monkey!
A necrophage comes into view.
The scorpion stings you but does no damage.
You conjure some foxfire!
The scorpion barely misses you.
The foxfire hits the necrophage.
The necrophage is lightly damaged.
You conjure some foxfire!
The sentinel's mark upon you fades away.
The foxfire hits the necrophage!
The necrophage is moderately damaged.
The scorpion misses you. The scorpion stings you!
You are too injured to fight recklessly!
You are too injured to fight recklessly!
You are too injured to fight recklessly!
Unknown command.
The foxfire hits the necrophage.
The necrophage is heavily damaged.
The necrophage hits you.
* * * LOW HITPOINT WARNING * * *
You feel drained. The scorpion barely misses you.
The scorpion attacks as you move away! The scorpion barely misses you.
Found a stone staircase leading down.
Found an escape hatch in the ceiling.
Found a stone staircase leading up.
The scorpion attacks as you move away! The scorpion stings you!
* * * LOW HITPOINT WARNING * * *
The scorpion barely misses you. The scorpion attacks as you move away!
The scorpion stings you.
You die...

#.# #.# #.# #.# ....# ..
#.# #.# #...## ...
#.####.# #....#....
.......# #....#..##
#.####.# ###........#
..# #.# #........<.. ..#
#.# #.##<..#.... #.#
#.#.@.......
###.##.######.#s...#...#
............n....>.....#
###.##.##.#####.#..##.#
# #.##.# #....# # #.##..
..#..# ...#.## ..#.##
#.##.. .....# #.##.#
####


You could see a scorpion.

Vanquished Creatures
  A howler monkey (D:5)
  Crazy Yiuf (D:2)
  A hound (D:4)
  Jessica (D:2)
  An orc wizard (D:4)
  Robin (D:2)
  5 adders
  An ufetubus (D:4)
  4 worms
  4 dart slugs
  3 orcs (D:4)
  5 bats
  9 endoplasms
  5 giant cockroaches
  12 goblins
  4 hobgoblins (D:2)
  5 quokkas
  3 ball pythons
  2 frilled lizards
  5 kobolds
  5 rats
78 creatures vanquished.

Vanquished Creatures (collateral kills)
  4 foxfires (D:1)
4 creatures vanquished.

Vanquished Creatures (others)
  357 foxfires
  3 plants (D:1)
  6 withered plants (D:1)
366 creatures vanquished.

Grand Total: 448 creatures vanquished

Notes
Turn   | Place    | Note
-------+----------+-------------------------------------------
     0 | D:1      | cforsyth the Tengu Fire Elementalist began the quest for
                  | the Orb.
     0 | D:1      | Reached XP level 1. HP: 10/10 MP: 4/4
    59 | D:1      | Reached XP level 2. HP: 15/15 MP: 1/6
   201 | D:1      | Found a faded altar of an unknown god.
   757 | D:1      | Reached XP level 3. HP: 19/19 MP: 3/7
  1623 | D:2      | Noticed Robin
  1633 | D:2      | Killed Robin
  1634 | D:2      | Reached skill level 4 in Fire Magic
  1656 | D:2      | Reached XP level 4. HP: 22/24 MP: 0/9
  2038 | D:2      | Found a runed translucent door.
  2039 | D:2      | Noticed Crazy Yiuf
  2122 | D:2      | Noticed Jessica
  2128 | D:2      | Killed Jessica
  2290 | D:2      | Gained mutation: Your magical nature lets you fly swiftly
                  | and evasively. [Tengu growth]
  2290 | D:2      | Reached XP level 5. HP: 19/28 MP: 3/10
  2421 | D:2      | You are sucked into a shaft and drop 1 floor!
  3820 | D:2      | Killed Crazy Yiuf
  4220 | D:4      | Reached XP level 6. HP: 29/32 MP: 3/12
  4310 | D:4      | Reached skill level 5 in Fire Magic
  4542 | D:4      | Found Qug Wirodoce's Jewellery Emporium.
  4550 | D:4      | Found Himob's Antique Armour Emporium.
  4843 | D:4      | Found Geweadd's CLEARANCE SALE!.
  4873 | D:5      | Entered Level 5 of the Dungeon
  4920 | D:5      | Slain by a scorpion

Illustrated notes

Levels and vault maps discovered:
D:1:      dpeg_arrival_windows_large_door, layout_loops_cross,
          shapermc_ecumenical_altar_flowoftime, minmay_misc_feat_plants,
          hex_tiny, minmay_pentomino_z2
D:2:      layout_basic, minmay_misc_feat_enclosed, hangedman_decor_peaks_small,
          uniq_robin, uniq_jessica, uniq_crazy_yiuf_cottage
D:3:      minmay_general_purpose_star, layout_loops_ring, dk_noncrumbling_4,
          wander_ebering_terrifying_dragon_lair
D:4:      layout_basic, hex_large, nicolae_wooded_promenade,
          nicolae_shop_clearance
D:5:      layout_basic, nzn_random_ring

Skill      XL: |  1  2  3  4  5  6 |
---------------+-------------------+-----
Conjurations   | 2 3 4 |  4.7
Fire Magic     | 4 5 |  5.1
Spellcasting   | 3 |  3.8
Dodging        | |  2.1
Stealth        | |  2.0

Action                     |  1- 3 |  4- 6 || total
---------------------------+-------+-------++-------
  Melee: Unarmed           |     9 |     9 ||    18
         Peck              |     3 |     2 ||     5
         Kick              |     2 |     6 ||     8
   Cast: Foxfire           |    93 |   130 ||   223
 Armour: Robe              |     4 |     5 ||     9
  Dodge: Dodged            |    18 |    33 ||    51

Table legend: (Time is in decaauts)
 A = Elapsed time spent in this place.
 B = Non-inter-level travel time spent in this place.
 C = Inter-level travel time spent in this place.
 D = Time resting spent in this place.
 E = Time spent auto-exploring this place.
 F = Levels seen in this place.
 G = Mean time per level.
                   A        B        C        D        E       F      G
               +--------+--------+--------+--------+--------+-----+--------+
         Total |   4738 |   4596 |    142 |     58 |   3892 |   5 |  947.6 |
       Dungeon |   4738 |   4596 |    142 |     58 |   3892 |   5 |  947.6 |
               +--------+--------+--------+--------+--------+-----+--------+

Top non-repeatable levels by time:
     D:2: 1557 daAuts
     D:1: 1308 daAuts
     D:3: 973 daAuts
     D:4: 855 daAuts
     D:5: 43 daAuts
